 Dungeon Crawl Stone Soup version 0.31-a0-1301-g7e11add784 (webtiles) character file.

Game seed: 14605438955063792743

5054 Amplified the Carver (level 10, -3/126 HPs)
             Began as a Demigod Ice Elementalist on Dec 19, 2023.
             Slain by a death yak (14 damage)
             ... on level 8 of the Dungeon.
             The game lasted 00:11:39 (6815 turns).

Amplified the Carver (Demigod Ice Elementalist)     Turns: 6815, Time: 00:11:39

Health: -3/126     AC: 25    Str: 13    XL:     10   Next: 9%
Magic:  17/17      EV:  2    Int: 17    God:
Gold:   485        SH:  0    Dex: 22    Spells: 7/14 levels left

rFire   . . .        t - +11 triple sword "Wennyagyn" {flame, rElec}
rCold   + . .        (shield currently unavailable)
rNeg    . . .        B - melded +0 troll leather armour
rPois   +            p - melded +2 helmet
rElec   +            f - melded +2 cloak
rCorr   .            (gloves currently unavailable)
SInv    .            (boots currently unavailable)
Will    +....        (no amulet)
Stlth   ++           q - ring of protection from cold
HPRegen 0.41/turn    (no ring)
MPRegen 0.15/turn

%: no passive effects
@: mighty, tree-form, attractive, hasted, very quick
A: stationary, stasis, torment immunity, boosted hp, high MP 1, forlorn, divine
attributes, (hooves 1), (iridescent scales 1)
a: no special abilities


You were on level 8 of the Dungeon.
You were a tree.
You visited 1 branch of the dungeon, and saw 9 of its levels.

You collected 485 gold pieces.

Inventory:

Hand Weapons
 c - a +0 club
 j - a +1 dagger of venom
 t - the +11 triple sword "Wennyagyn" (weapon) {flame, rElec}
   (You found it on level 4 of the Dungeon)

   rElec:     It insulates you from electricity.
Missiles
 g - 20 poisoned darts
 r - 4 throwing nets
Armour
 f - a +2 cloak (melded)
 p - a +2 helmet (melded)
 B - a +0 troll leather armour (melded)
Jewellery
 h - a ring of ice
 q - a ring of protection from cold (left branch)
Wands
 A - a wand of roots (4)
Scrolls
 k - a scroll of fog
 l - 6 scrolls of teleportation
 n - 2 scrolls of vulnerability
 y - a scroll of amnesia
Potions
 b - a potion of magic
 d - 3 potions of enlightenment
 e - 8 potions of brilliance
 i - 2 potions of lignification
 o - 3 potions of might
 s - 2 potions of haste
 u - a potion of curing


   Skills:
 + Level 6.8 Fighting
 * Level 9.2 Long Blades
 - Level 2.0 Maces & Flails
 - Level 2.3 Armour
 + Level 6.6 Dodging
 - Level 1.7 Stealth
 - Level 2.6 Spellcasting
 - Level 4.4 Ice Magic


You had 7 spell levels left.
You knew the following spells:

 Your Spells              Type           Power      Damage    Failure   Level
a - Freeze                Ice            68%        1d8       3%          1
b - Frozen Ramparts       Ice            34%        1d6       9%          3
c - Ozocubu's Armour      Ice            17%        N/A       9%          3

Your spell library contained the following spells:

 Spells                   Type           Power      Damage    Failure   Level
 Summon Small Mammal      Summ           8%         N/A       19%         1
 Inner Flame              Hex/Fire       2%         N/A       47%         3
 Summon Ice Beast         Ice/Summ       9%         N/A       58%         4
 Yara's Violent Unravell  Hex/Tmut       1%         3d3       99%         5
 Enfeeble                 Hex            1%         N/A       100%        7


Dungeon Overview and Level Annotations

Branches:
Dungeon (9/15)             Temple (0/1) D:6
   Lair: D:8-11         Orc: D:9-12

Annotations:
D:5 3 runed translucent doors, hiems's ghost, weakling VSNe
D:8 Pikel


Innate Abilities, Weirdness & Mutations

You are a tree.
Your roots penetrate the ground, keeping you stationary.
You cannot be teleported.
You are immune to unholy pain and torment.
Your maximum health is greatly increased.
Your equipment is partially melded.
You have an increased reservoir of magic. (+10% MP)
You shall have no god before yourself.
Your divine heritage dramatically boosts your attributes as you level up.
((You have large cloven feet.))
((You are partially covered in iridescent scales. (AC +2)))


Message History

You slash the death yak! You burn the death yak!
The death yak is heavily wounded.
The death yak gores you!
* * * LOW HITPOINT WARNING * * *
Something is attracted toward you. The death yak is attracted toward you.
Unknown command.
Unknown command.
Unknown command.
Okay, then.
Okay, then.
Sorry, you're not good enough to have a special ability.
Unknown command.
You slash the death yak! You burn the death yak.
The death yak is severely wounded.
The death yak gores you.
* * * LOW HITPOINT WARNING * * *
The death yak snorts and paws the ground.
Something is attracted toward you.
Unknown command.
Unknown command.
Unknown command.
Unknown command.
Unknown command.
Unknown command.
You cannot move.
Unknown command.
You slash the death yak! You burn the death yak.
You kill the death yak!
The death yak snorts and paws the ground.
Something is attracted toward you.
Your Long Blades skill increases to level 9!
You have reached level 10!
Unknown command.
Unknown command.
Unknown command.
Unknown command.
You slice the death yak!! You burn the death yak!
The death yak is almost dead.
The death yak gores you!
You die...

.....# .... #..§ .
#☼.# #..###.o# #
#......Y##.#
#.####YYY..#
##Y#### #♣# #.# #
# #.# . ...
##.##.#
.....#######°°○#.#
..............☼..#
.###########☼○○###
##☼## ##.# ### #.#


You could see 5 death yaks and an orc warrior (poisoned).

Vanquished Creatures
  3 death yaks (D:8)
  A troll (D:9)
  Grinder (D:6)
  Prince Ribbit (D:8)
  3 yaks (D:8)
  A steam dragon (D:7)
  A water moccasin (D:6)
  A black bear (D:7)
  2 orc warriors
  An ice beast (D:6)
  2 ogres
  A centaur (D:6)
  A lemure (D:9)
  3 scorpions
  3 bullfrogs
  2 killer bees (D:8)
  3 hounds
  5 orc priests
  A gnoll bouda (D:6)
  3 sleepcaps
  Jessica (D:2)
  4 iguanas
  Natasha (thrice) (D:4)
  6 orc wizards
  Robin (D:2)
  7 gnolls
  6 adders
  A white imp (D:7)
  3 adder skeletons (D:2)
  2 dart slugs
  19 orcs
  8 bats (D:2)
  A bat skeleton (D:2)
  7 endoplasms
  3 giant cockroaches
  17 goblins
  14 hobgoblins
  8 jackals
  5 quokkas
  5 ball pythons
  A ball python skeleton (D:2)
  A ball python zombie (D:2)
  2 frilled lizards (D:1)
  A giant cockroach zombie (D:2)
  11 kobolds
  8 rats
184 creatures vanquished.

Notes
Turn   | Place    | Note
-------+----------+-------------------------------------------
     0 | D:1      | Amplified the Demigod Ice Elementalist began the quest for
                  | the Orb.
     0 | D:1      | Reached XP level 1. HP: 14/14 MP: 5/5
   535 | D:1      | Reached XP level 2. HP: 14/22 MP: 5/7
  1234 | D:2      | Reached XP level 3. HP: 27/27 MP: 8/8
  1317 | D:2      | Reached skill level 1 in Fighting
  1317 | D:2      | Reached skill level 1 in Armour
  1342 | D:2      | Reached skill level 1 in Maces & Flails
  1403 | D:2      | Learned a level 3 spell: Frozen Ramparts
  1714 | D:2      | Identified the +9 spear "Qieffaith" {freeze, rC+ Int+4}
  1918 | D:2      | Reached XP level 4. HP: 35/35 MP: 10/10
  2177 | D:2      | Noticed Robin
  2198 | D:2      | Killed Robin
  2350 | D:2      | Noticed Jessica
  2357 | D:2      | Killed Jessica
  2592 | D:3      | Reached XP level 5. HP: 37/41 MP: 11/11
  3108 | D:3      | Learned a level 3 spell: Ozocubu's Armour
  3336 | D:4      | Identified the +11 triple sword "Wennyagyn" {flame, rElec}
  3364 | D:4      | Reached skill level 1 in Long Blades
  3414 | D:4      | Reached XP level 6. HP: 37/49 MP: 13/13
  3600 | D:4      | Noticed Natasha
  3603 | D:4      | Killed Natasha
  3802 | D:4      | Reached skill level 2 in Long Blades
  3842 | D:4      | Noticed Natasha
  3898 | D:4      | Killed Natasha
  3936 | D:4      | Noticed Natasha
  3947 | D:4      | Killed Natasha
  4233 | D:5      | Entered Level 5 of the Dungeon
  4258 | D:5      | Found a runed translucent gate.
  4259 | D:5      | Found a runed translucent gate.
  4259 | D:5      | Noticed hiems's ghost (weakling VSNe)
  4260 | D:5      | Found a runed translucent gate.
  4262 | D:5      | Identified the +8 hand axe "Bigedo" {freeze, rPois Str-5
                  | Dex+7}
  4262 | D:5      | Identified the +6 scale mail of Vlad {Slay+6}
  4448 | D:5      | Reached skill level 3 in Long Blades
  4451 | D:5      | Reached XP level 7. HP: 51/57 MP: 14/14
  4769 | D:5      | Got Sif Muna's Folio of the Escort
  5034 | D:6      | Reached skill level 4 in Long Blades
  5099 | D:6      | Found a staircase to the Ecumenical Temple.
  5313 | D:6      | Reached skill level 5 in Long Blades
  5313 | D:6      | Reached XP level 8. HP: 45/66 MP: 8/15
  5405 | D:6      | Noticed Grinder
  5437 | D:6      | Killed Grinder
  5795 | D:7      | Reached skill level 6 in Long Blades
  5838 | D:7      | Reached skill level 5 in Fighting
  6431 | D:8      | Reached skill level 5 in Dodging
  6433 | D:8      | Reached skill level 7 in Long Blades
  6433 | D:8      | Reached XP level 9. HP: 74/74 MP: 9/16
  6470 | D:8      | You fall into a shaft and drop 1 floor!
  6555 | D:8      | Noticed Pikel
  6646 | D:8      | Noticed Prince Ribbit
  6655 | D:8      | Killed Prince Ribbit
  6656 | D:8      | Reached skill level 8 in Long Blades
  6775 | D:8      | Noticed a death yak
  6776 | D:8      | Noticed a death yak
  6785 | D:8      | Noticed a death yak
  6787 | D:8      | Noticed a death yak
  6789 | D:8      | Noticed a death yak
  6791 | D:8      | Killed a death yak
  6791 | D:8      | Noticed a death yak
  6791 | D:8      | Noticed a death yak
  6794 | D:8      | Noticed a death yak
  6794 | D:8      | Noticed a death yak
  6795 | D:8      | Noticed a death yak
  6804 | D:8      | Gained mutation: You have large cloven feet. [potion of
                  | mutation]
  6804 | D:8      | Gained mutation: You are partially covered in iridescent
                  | scales. (AC +2) [potion of mutation]
  6807 | D:8      | Killed a death yak
  6814 | D:8      | Killed a death yak
  6815 | D:8      | Reached skill level 9 in Long Blades
  6815 | D:8      | Reached XP level 10. HP: 11/84 MP: 17/17
  6815 | D:8      | Slain by a death yak

Illustrated notes

Levels and vault maps discovered:
D:1:      saegor_arrival_simple_d, layout_basic, ebering_ecumenical_altar_box
D:2:      minmay_thinvault, layout_basic, basic_altar, serial_undead,
          serial_undead_b, serial_undead_a, serial_undead_c, serial_undead_b,
          serial_undead_e, serial_undead_f, corexii_leaking_fountain,
          minmay_misc_feat_room, chequers_serial_rivers_small_3,
          kennysheep_jessica_study, uniq_robin
D:3:      layout_loops_ring
D:4:      layout_basic, minmay_fractal_squares_gapless_5, uniq_natasha
D:5:      layout_gridville, grunt_temple_overflow_magic_moments,
          mainiacjoe_overflow_catch_the_wave, tso_metal_star,
          biasface_ghost_orc_armoury
D:6:      layout_loops_ring, minmay_temple_entry_stoned_glass, uniq_grinder
D:7:      layout_loops_ring, general_overflow_altar,
          mainiacjoe_overflow_small_starburst
D:8:      cheibrodos_quashed, layout_loops_corners, lemuel_doored_altar,
          mainiacjoe_overflow_boulevard, dpeg_lair_monsters,
          nicolae_ossuary_entry_plus, uniq_prince_ribbit1, uniq_pikel
D:9:      layout_basic, kennysheep_little_box, david_orc_2, enter_bailey_2

Skill      XL: |  1  2  3  4  5  6  7  8  9 |
---------------+----------------------------+-----
Spellcasting   | 2 |  2.6
Fighting       | 1 2 3 4 5 6 |  6.8
Armour         | 1 2 |  2.3
Maces & Flails | 1 2 |  2.0
Ice Magic      | 4 |  4.4
Long Blades    | 1 3 5 7 9 |  9.2
Dodging        | 2 3 5 6 |  6.6
Stealth        | |  1.7

Action                     |  1- 3 |  4- 6 |  7- 9 | 10-12 || total
---------------------------+-------+-------+-------+-------++-------
  Melee: Club              |    24 |       |       |       ||    24
         Dagger            |   139 |   114 |       |       ||   253
         Punch             |       |     1 |       |       ||     1
         Triple sword      |       |    37 |   104 |     1 ||   142
   Cast: Freeze            |    26 |       |       |       ||    26
         Frozen Ramparts   |       |     9 |    11 |       ||    20
         Ozocubu's Armour  |       |       |     8 |       ||     8
  Evoke: Wand              |       |     2 |     9 |       ||    11
    Use: Scroll            |     7 |     7 |     8 |       ||    22
         Potion            |       |     1 |     8 |       ||     9
   Stab: Sleeping          |     5 |     3 |     2 |       ||    10
 Armour: Robe              |   100 |   103 |    52 |       ||   255
         Skin              |       |       |    25 |     1 ||    26
         Troll leather arm |       |       |    16 |       ||    16
  Dodge: Dodged            |   155 |   123 |    92 |       ||   370

Table legend: (Time is in decaauts)
 A = Elapsed time spent in this place.
 B = Non-inter-level travel time spent in this place.
 C = Inter-level travel time spent in this place.
 D = Time resting spent in this place.
 E = Time spent auto-exploring this place.
 F = Levels seen in this place.
 G = Mean time per level.
                   A        B        C        D        E       F      G
               +--------+--------+--------+--------+--------+-----+--------+
         Total |   6890 |   6683 |    207 |    478 |   4649 |   9 |  765.6 |
       Dungeon |   6890 |   6683 |    207 |    478 |   4649 |   9 |  765.6 |
               +--------+--------+--------+--------+--------+-----+--------+

Top non-repeatable levels by time:
     D:2: 1336 daAuts
     D:1: 1174 daAuts
     D:4: 922 daAuts
     D:3: 828 daAuts
     D:7: 791 daAuts
     D:5: 777 daAuts
     D:6: 662 daAuts
     D:8: 257 daAuts
     D:9: 140 daAuts
